 Dungeon Crawl Stone Soup version 0.30-a0-779-g7971cf19c3 (webtiles) character file.

Game seed: 15734162670966746324

1030 Pimp the Conjurer (level 8, -3/63 HPs)
             Began as a Red Draconian Conjurer on Feb 17, 2023.
             Was an Initiate of Vehumet.
             Succumbed to a killer bee's poison
             ... on level 5 of the Dungeon.
             The game lasted 00:21:14 (5658 turns).

Pimp the Conjurer (Red Draconian Conjurer)          Turns: 5658, Time: 00:21:14

Health: -3/63      AC:  6    Str: 11    XL:     8   Next: 3%
Magic:  2/12       EV: 13    Int: 20    God:    Vehumet [......]
Gold:   48         SH:  0    Dex:  9    Spells: 10/13 levels left

rFire   + . .      SeeInvis .    r - +1 dagger of Gozag's Fury {venom, rElec rC- Will+++}
rCold   x . .      Faith    .    (no shield)
rNeg    . . .      Spirit   .    (body armour unavailable)
rPois   .          Reflect  .    (helmet restricted)
rElec   +          Harm     .    (no cloak)
rCorr   .          Rampage  .    (no gloves)
Will    +++..                    (no boots)
Stlth   ++                       (no amulet)
HPRegen 0.30/turn                (no ring)
MPRegen 0.13/turn                (no ring)

@: lethally poisoned (-3 -> -20)
A: breathe fire, AC +6, unfitting armour, fire resistance 1, cold-blooded
a: Breathe Fire, Renounce Religion


You were on level 5 of the Dungeon.
You worshipped Vehumet.
Vehumet was noncommittal.
You visited 2 branches of the dungeon, and saw 6 of its levels.

You collected 244 gold pieces.
You spent 196 gold pieces at shops.

Inventory:

Hand Weapons
 c - a +0 dagger
 d - a +4 dagger
 n - a +1 short sword of protection
 r - the +1 dagger of Gozag's Fury (weapon) {venom, rElec rC- Will+++}
   (You bought it in a shop on level 4 of the Dungeon)

   rC:        It makes you vulnerable to cold.
   rElec:     It insulates you from electricity.
   Will:      It greatly increases your willpower.
Armour
 k - a scarf of resistance
Jewellery
 h - a ring of see invisible
Wands
 t - a wand of flame (15)
 u - a wand of paralysis (9)
Scrolls
 b - a scroll of vulnerability
 e - a scroll of teleportation {unknown}
 g - a scroll of torment {unknown}
 l - 3 scrolls of poison
 m - a scroll of immolation {unknown}
 o - a scroll of amnesia {unknown}
Potions
 a - 2 potions of magic
 p - a potion of ambrosia
 q - a potion of attraction


   Skills:
 + Level 3.4 Fighting
 + Level 4.3 Short Blades
 + Level 4.5 Dodging
 + Level 3.4 Stealth
 + Level 0.3 Unarmed Combat
 + Level 3.2 Spellcasting
 + Level 5.4 Conjurations


You had 10 spell levels left.
You knew the following spells:

 Your Spells              Type           Power      Damage    Failure   Level
a - Magic Dart            Conj           100%       1d8       1%          1
b - Searing Ray           Conj           50%        2d6       2%          2

Your spell library contained the following spells:

 Spells                   Type           Power      Damage    Failure   Level
 Beastly Appendage        Tmut           6%         N/A       14%         1
 Dazzling Flash           Conj/Hex       28%        N/A       14%         3
 Wereblood                Tmut           3%         N/A       22%         2
 Inner Flame              Hex/Fire       3%         N/A       38%         3
 Spider Form              Tmut/Pois      3%         N/A       38%         3
 Fulminant Prism          Conj/Hex       7%         3d7       41%         4
 Iskenderun's Mystic Bla  Conj/Tloc      14%        2d5       41%         4
 Cause Fear               Hex            1%         N/A       80%         4
 Passage of Golubria      Tloc           3%         N/A       80%         4
 Silence                  Hex/Air        1%         N/A       98%         5
 Discord                  Hex            1%         N/A       100%        8
 Lehudib's Crystal Spear  Conj/Erth      7%         10d3      100%        8


Dungeon Overview and Level Annotations

Branches:
Dungeon (5/15)             Temple (1/1) D:4

Altars:
Ashenzari
Cheibriados
Dithmenos
Fedhas
Gozag
Hepliaklqana
Kikubaaqudgha
Makhleb
Nemelex Xobeh
Okawaru
Qazlal
Ru
Sif Muna
Uskayaw
Vehumet
Wu Jian
Zin
The Shining One

Shops:
D:2 [   D:4 (!


Innate Abilities, Weirdness & Mutations

You can breathe blasts of fire.
Your fiery red scales are hard. (AC +6)
You cannot fit into any form of body armour.
Your flesh is heat resistant. (rF+)
You are cold-blooded and may be slowed by cold attacks.


Message History

You assume a fearsome visage.
The lemure looks frightened!
The killer bee looks frightened! x3
You have got your breath back.
Cornered, the killer bee turns to fight!
The killer bee barely misses you.
You closely miss the killer bee. The killer bee closely misses you. x2
You barely miss the killer bee.
Your tail-slap misses the killer bee.
The killer bee closely misses you.
You miss the killer bee. The killer bee misses you. The killer bee stings you.
* * * LOW HITPOINT WARNING * * *
You are poisoned.
The killer bee poisons you!
Casting: Searing Ray (safe; 2% risk of failure)
Confirm with . or Enter, or press ? or * to list all spells.
Aiming: Searing Ray (safe; 2% risk of failure)
Press: ? - help, Shift-Dir - straight line, f - killer bee
Aim: a killer bee (58% to hit)
The searing ray misses the killer bee. (Press . to maintain the ray.)
You feel sick. The killer bee closely misses you.
The killer bee barely misses you.
The searing ray misses the killer bee.
You feel sick. The killer bee barely misses you. x2
The searing ray hits the killer bee!
The killer bee is heavily wounded.
You feel sick. The killer bee stings you.
* * * LOW HITPOINT WARNING * * *
The killer bee stings you but does no damage.
The searing ray misses the killer bee.
You finish channelling your searing ray.
You feel sick. The killer bee misses you. The killer bee stings you.
* * * LOW HITPOINT WARNING * * *
You are lethally poisoned!
The killer bee poisons you!
The killer bee attacks as you move away!
The killer bee stings you.
* * * LOW HITPOINT WARNING * * *
You are more poisoned.
The killer bee poisons you!
You die...

### ### ### ### #.# #.# #.# #.##
#.## #.# ###.######.### #..#
##.###.......##...# ###
#..###...##.)).<..##.... #.#
##...##.......##....##[.#
###.####...#.y.@.....###....#...
##....##...###..####...###.......
..........## #..###.....##......#
...y..#..## #.......#...#.....##
....####.## #........#........#
...## #..# ##.#####..##.......#
...# ##..###..# ##..........##
#.#####....#..## #...........#
#.......y....## ##......##...


You could see a killer bee.

Vanquished Creatures
  Sigmund (D:4)
  A centaur (D:4)
  2 necrophages (D:5)
  3 scorpions
  2 killer bees (D:5)
  A jelly (D:5)
  An orc priest (D:5)
  A gnoll bouda (D:5)
  2 iguanas
  Natasha (thrice) (D:4)
  3 gnolls
  6 adders
  An ufetubus (D:5)
  3 worms
  4 dart slugs
  15 orcs
  3 endoplasms
  3 giant cockroaches
  8 goblins
  8 hobgoblins
  3 jackals (D:4)
  4 quokkas
  5 ball pythons
  8 bats
  6 frilled lizards (D:1)
  3 kobolds
  2 rats (D:1)
102 creatures vanquished.

Vanquished Creatures (others)
  13 fungi (D:3)
  2 plants (D:1)
15 creatures vanquished.

Grand Total: 117 creatures vanquished

Notes
Turn   | Place    | Note
-------+----------+-------------------------------------------
     0 | D:1      | Pimp the Draconian Conjurer began the quest for the Orb.
     0 | D:1      | Reached XP level 1. HP: 14/14 MP: 3/3
   167 | D:1      | Reached XP level 2. HP: 15/20 MP: 5/5
   371 | D:1      | Found a faded altar of an unknown god.
  1131 | D:2      | Learned a level 2 spell: Searing Ray
  1178 | D:2      | Reached XP level 3. HP: 26/26 MP: 6/6
  1487 | D:2      | Found Kaelijum's Antique Armour Emporium.
  1834 | D:3      | Reached XP level 4. HP: 33/33 MP: 1/7
  1966 | D:3      | Reached skill level 1 in Short Blades
  2417 | D:3      | Found a stormy altar of Qazlal.
  2492 | D:4      | Found Wutireob's Antique Weapon Emporium.
  2533 | D:4      | Noticed a scorpion
  2551 | D:4      | Noticed Sigmund
  2695 | D:4      | Noticed a centaur
  2701 | D:4      | Killed a centaur
  2702 | D:4      | Reached skill level 1 in Fighting
  2702 | D:4      | Reached skill level 5 in Conjurations
  2702 | D:4      | Reached XP level 5. HP: 28/40 MP: 2/8
  2761 | D:4      | Noticed Natasha
  2893 | D:5      | Entered Level 5 of the Dungeon
  3066 | D:5      | Reached XP level 6. HP: 19/47 MP: 4/10
  3466 | D:4      | Found Tuitt's Distillery.
  3534 | D:4      | Bought a polished dagger for 196 gold pieces
  3534 | D:4      | Identified the +1 dagger of Gozag's Fury {venom, rElec rC-
                  | Will+++} (You bought it in a shop on level 4 of the
                  | Dungeon)
  3735 | D:4      | Killed Sigmund
  3736 | D:4      | Your scales start taking on a fiery red colour.
  3736 | D:4      | Reached XP level 7. HP: 29/56 MP: 7/11
  3736 | D:4      | Gained mutation: Your flesh is heat resistant. (rF+) [Red
                  | Draconian growth]
  3839 | D:4      | Killed Natasha
  3972 | D:4      | Noticed Natasha
  3977 | D:4      | Killed Natasha
  4146 | D:4      | Found a staircase to the Ecumenical Temple.
  4165 | Temple   | Entered the Ecumenical Temple
  4369 | Temple   | Became a worshipper of Vehumet
  4472 | D:4      | Noticed Natasha
  4481 | D:4      | Killed Natasha
  5639 | D:5      | Reached XP level 8. HP: 21/63 MP: 5/12
  5657 | D:5      | HP: 3/63 [killer bee (5)]
  5658 | D:5      | HP: 1/63 [killer bee (2)]
  5658 | D:5      | Succumbed to a killer bee's poison

Illustrated notes

Levels and vault maps discovered:
D:1:      denvon_arrival_waterhouse, layout_loops_cross,
          hellmonk_ecumenical_altar_pennies_from_heaven, minmay_lizard_king
D:2:      layout_basic, serial_shops, shop
D:3:      layout_rooms, mainiacjoe_overflow_cross_hatched,
          minmay_misc_feat_alley
D:4:      layout_basic, minmay_temple_entry_butterflies, serial_shops, shop,
          nicolae_shop_statue_plus, uniq_natasha, uniq_sigmund
D:5:      layout_layer_cave, nicolae_take_the_stairs, uniq_pikel, uniq_duvessa,
          uniq_edmund
Temple:   minmay_temple_bridge_d

Skill      XL: |  1  2  3  4  5  6  7 |
---------------+----------------------+-----
Dodging        | 2 3 4 |  4.5
Stealth        | 2 3 |  3.4
Short Blades   | 1 2 3 4 |  4.3
Fighting       | 1 2 3 |  3.4
Conjurations   | 5 |  5.4
Spellcasting   | 3 |  3.2
Unarmed Combat | |  0.3

Action                     |  1- 3 |  4- 6 |  7- 9 || total
---------------------------+-------+-------+-------++-------
  Melee: Unarmed           |    16 |       |       ||    16
         Dagger            |   109 |    41 |    67 ||   217
         Tailslap          |    13 |     9 |     4 ||    26
         Short sword       |       |    51 |       ||    51
         Punch             |       |       |     1 ||     1
   Cast: Magic Dart        |    36 |     9 |       ||    45
         Searing Ray       |     3 |    16 |    12 ||    31
Ability: Breathe Fire      |       |       |     1 ||     1
    Use: Scroll            |       |     6 |     3 ||     9
         Potion            |       |     3 |     3 ||     6
   Stab: Sleeping          |       |       |     1 ||     1
 Armour: Skin              |    73 |    29 |    30 ||   132
  Dodge: Dodged            |   142 |    85 |    66 ||   293

Table legend: (Time is in decaauts)
 A = Elapsed time spent in this place.
 B = Non-inter-level travel time spent in this place.
 C = Inter-level travel time spent in this place.
 D = Time resting spent in this place.
 E = Time spent auto-exploring this place.
 F = Levels seen in this place.
 G = Mean time per level.
                   A        B        C        D        E       F      G
               +--------+--------+--------+--------+--------+-----+--------+
         Total |   5642 |   5399 |    243 |   1404 |   2573 |   6 |  940.3 |
       Dungeon |   5368 |   5216 |    152 |   1304 |   2517 |   5 | 1073.6 |
        Temple |    273 |    182 |     91 |    100 |     56 |   1 |  273.0 |
               +--------+--------+--------+--------+--------+-----+--------+

Top non-repeatable levels by time:
     D:4: 1541 daAuts
     D:5: 1255 daAuts
     D:1: 930 daAuts
     D:3: 899 daAuts
     D:2: 742 daAuts
  Temple: 273 daAuts
